[Event "1st Cyprus Chess Tournament 2019"]
[Site "Larnaca"]
[Date "2019.10.27"]
[Round "4.8"]
[White "Terentiev, Sergei"]
[Black "Antel, Umit"]
[Result "1-0"]
[ECO "D40"]
[WhiteElo "2285"]
[BlackElo "1836"]
[Annotator "NA"]
[PlyCount "71"]
[EventDate "2019.10.25"]
[EventType "swiss"]
[EventCountry "CYP"]
[SourceTitle "playchess.com"]
[Source "ChessBase"]
[SourceQuality "1"]
[TimeControl "5400+30"]

1. c4 Nf6 2. Nf3 e6 3. a3 d5 4. e3 c5 5. d4 Nc6 6. dxc5 Bxc5 7. b4 Be7 8. Bb2 O-O 9. Nc3 a6 10. cxd5 Nxd5 11. Nxd5 exd5 12. Be2 Be6 13. O-O Bf6 14. Qd2 Rc8 15. Rfd1 Bxb2 16. Qxb2 b5 17. e4 Ne7 18. Nd4 Qb6 19. Nxe6 Qxe6 20. exd5 Nxd5 21. Bf3 Nc3 22. Re1 Qg6 23. Rac1 Na4 24. Qe5 Rxc1 25. Rxc1 Qd3 26. Qe3 Qd7 27. Rd1 Qc7 28. Qd4 g6 29. h4 h5 30. Qf6 Nb6 31. g3 Rb8 32. Rd6 Qc1+ 33. Kg2 Nc4 34. Rd7 Rf8 35. Bd5 Ne3+ 36. fxe3 1-0

[Event "1st Cyprus Chess Tournament 2019"]
[Site "Larnaca"]
[Date "2019.10.27"]
[Round "4.10"]
[White "Biljanic, Ljubomir"]
[Black "Georgiou, Andreas"]
[Result "1-0"]
[ECO "A55"]
[WhiteElo "2241"]
[BlackElo "1797"]
[Annotator "NA"]
[PlyCount "101"]
[EventDate "2019.10.25"]
[EventType "swiss"]
[EventCountry "CYP"]
[SourceTitle "playchess.com"]
[Source "ChessBase"]
[SourceQuality "1"]
[TimeControl "5400+30"]

1. d4 d6 2. c4 Nd7 3. Nc3 e5 4. Nf3 Ngf6 5. e4 Be7 6. Be2 O-O 7. O-O c6 8. Re1 Qc7 9. Bf1 b6 10. Bg5 h6 11. Bh4 Bb7 12. Rc1 Rac8 13. a3 a6 14. d5 cxd5 15. cxd5 Qb8 16. b4 Rc7 17. Bd3 Rfc8 18. Qd2 b5 19. a4 bxa4 20. Nxa4 Rxc1 21. Rxc1 Rxc1+ 22. Qxc1 g5 23. Bg3 Qc8 24. Qxc8+ Bxc8 25. Nd2 Nh5 26. Nc4 Kf8 27. Ncb6 Nxb6 28. Nxb6 Bb7 29. Nd7+ Ke8 30. Nb8 Kd8 31. Bxa6 Bxa6 32. Nxa6 Kc8 33. b5 Kb7 34. Nb4 Kb6 35. Nc6 Bf8 36. f3 Nxg3 37. hxg3 Kxb5 38. Kh2 Kb6 39. Nd8 f6 40. Ne6 Be7 41. Kh3 h5 42. Ng7 Kc5 43. Nxh5 f5 44. exf5 Kxd5 45. f6 Bd8 46. Kg4 Ke6 47. Kxg5 d5 48. Kg6 d4 49. Ng7+ Kd5 50. Nf5 Ke6 51. f7 1-0

[Event "1st Cyprus Chess Tournament 2019"]
[Site "Larnaca"]
[Date "2019.10.28"]
[Round "5.6"]
[White "Tsyn, Igor"]
[Black "Terentiev, Sergei"]
[Result "1-0"]
[ECO "B38"]
[WhiteElo "2129"]
[BlackElo "2285"]
[Annotator "RC"]
[PlyCount "65"]
[EventDate "2019.10.25"]
[EventType "swiss"]
[EventCountry "CYP"]
[SourceTitle "playchess.com"]
[Source "ChessBase"]
[SourceQuality "1"]
[TimeControl "5400+30"]

1. e4 c5 2. Nf3 g6 3. d4 cxd4 4. Nxd4 Bg7 5. c4 Nc6 6. Be3 Nf6 7. Nc3 O-O 8. Be2 b6 9. O-O Bb7 10. f3 Nh5 11. Nc2 f5 12. exf5 gxf5 13. Qd2 e6 14. Rad1 Rf7 15. Nb5 f4 16. Bf2 d5 17. cxd5 exd5 18. Qxd5 Qxd5 19. Rxd5 Ne5 20. Rd2 Rd7 21. Rxd7 Nxd7 22. Rd1 Nhf6 23. Nd6 Bc6 24. Bc4+ Kf8 25. Nd4 Bd5 26. Bxd5 Nxd5 27. N4f5 N7f6 28. Bd4 Rd8 29. Bxf6 Nxf6 30. Nxg7 Rd7 31. Ngf5 h5 32. Re1 Kg8 33. Re7 1-0

[Event "1st Cyprus Chess Tournament 2019"]
[Site "Larnaca"]
[Date "2019.10.28"]
[Round "5.7"]
[White "Lornye, Pylyp"]
[Black "Dermatopoulos, Konstantinos"]
[Result "1-0"]
[ECO "A07"]
[WhiteElo "2284"]
[BlackElo "1992"]
[Annotator "RC"]
[PlyCount "63"]
[EventDate "2019.10.25"]
[EventType "swiss"]
[EventCountry "CYP"]
[SourceTitle "playchess.com"]
[Source "ChessBase"]
[SourceQuality "1"]
[TimeControl "5400+30"]

1. Nf3 d5 2. g3 Bg4 3. Bg2 c6 4. O-O Nd7 5. h3 Bh5 6. d3 Ngf6 7. Nbd2 e5 8. e4 Bd6 9. Qe1 dxe4 10. dxe4 O-O 11. Nh4 Re8 12. Nc4 Bf8 13. a4 Qc7 14. Kh1 Nc5 15. Bg5 Nfd7 16. Be3 f6 17. Nd2 Bf7 18. f4 Nb6 19. b3 Ne6 20. a5 Nd7 21. Nc4 Nd4 22. Qf2 Ne6 23. Rad1 exf4 24. gxf4 Nec5 25. Rd4 Nxe4 26. Rxe4 Bd5 27. Rxe8 Rxe8 28. Rd1 Bf7 29. Nf5 Bh5 30. Bf3 Bxf3+ 31. Qxf3 Nc5 32. Nfd6 1-0

[Event "1st Cyprus Chess Tournament 2019"]
[Site "Larnaca"]
[Date "2019.10.28"]
[Round "5.8"]
[White "Damianou, Ioannis"]
[Black "Biljanic, Ljubomir"]
[Result "1-0"]
[ECO "A29"]
[WhiteElo "2118"]
[BlackElo "2241"]
[Annotator "RC"]
[PlyCount "69"]
[EventDate "2019.10.25"]
[EventType "swiss"]
[EventCountry "CYP"]
[SourceTitle "playchess.com"]
[Source "ChessBase"]
[SourceQuality "1"]
[TimeControl "5400+30"]

1. c4 e5 2. g3 Nf6 3. Bg2 Nc6 4. Nc3 d6 5. Nf3 g6 6. d4 exd4 7. Nxd4 Nxd4 8. Qxd4 Bg7 9. O-O O-O 10. Qd2 Qe7 11. e4 Be6 12. b3 c6 13. Ba3 c5 14. Rad1 Rfd8 15. f4 Bg4 16. Rde1 Be6 17. Bb2 Rac8 18. f5 Bd7 19. Nd5 Nxd5 20. Bxg7 Nf6 21. Bxf6 Qxf6 22. fxg6 Qxg6 23. e5 dxe5 24. Bd5 Bh3 25. Rf2 e4 26. Qf4 Be6 27. Bxb7 e3 28. Qxe3 Rc7 29. Be4 Qg7 30. Bf5 Rc6 31. Bc2 Rd4 32. Qf3 Rc8 33. Qb7 Rcd8 34. Qxa7 Qf8 35. Rxe6 1-0

[Event "1st Cyprus Chess Tournament 2019"]
[Site "Larnaca"]
[Date "2019.10.28"]
[Round "5.9"]
[White "Kochergin, Sergey"]
[Black "Kourouyiannis, Fivos"]
[Result "1-0"]
[ECO "B38"]
[WhiteElo "2224"]
[BlackElo "1708"]
[Annotator "RC"]
[PlyCount "49"]
[EventDate "2019.10.25"]
[EventType "swiss"]
[EventCountry "CYP"]
[SourceTitle "playchess.com"]
[Source "ChessBase"]
[SourceQuality "1"]
[TimeControl "5400+30"]

1. d4 Nf6 2. c4 g6 3. Nc3 Bg7 4. e4 d6 5. f3 O-O 6. Be3 c5 7. Nge2 cxd4 8. Nxd4 Nc6 9. Be2 Nxd4 10. Bxd4 b6 11. O-O Ba6 12. Qd2 Rc8 13. b3 Nd7 14. Bxg7 Kxg7 15. f4 Kg8 16. Rf3 Bb7 17. Rh3 f5 18. exf5 Rxf5 19. Bg4 Qf8 20. Bxf5 Qxf5 21. Re1 Qc5+ 22. Qe3 Rf8 23. Qxc5 dxc5 24. Rxe7 Rf7 25. Rxf7 1-0

[Event "1st Cyprus Chess Tournament 2019"]
[Site "Larnaca"]
[Date "2019.10.29"]
[Round "6.6"]
[White "Damianou, Ioannis"]
[Black "Lornye, Pylyp"]
[Result "0-1"]
[ECO "A88"]
[WhiteElo "2118"]
[BlackElo "2284"]
[Annotator "ChessBase"]
[PlyCount "114"]
[EventDate "2019.10.25"]
[EventType "swiss"]
[EventCountry "CYP"]
[SourceTitle "playchess.com"]
[Source "ChessBase"]
[SourceQuality "1"]
[TimeControl "5400+30"]

1. c4 f5 2. Nc3 Nf6 3. g3 g6 4. Bg2 Bg7 5. Nf3 d6 6. d4 O-O 7. O-O Qe8 8. b3 Na6 9. Bb2 c6 10. e4 fxe4 11. Ng5 d5 12. f3 h6 13. Nh3 exf3 14. Qxf3 Ng4 15. Qd3 Bf5 16. Qd2 dxc4 17. bxc4 Qd7 18. Rad1 Rad8 19. Ne4 c5 20. d5 Bxb2 21. Qxb2 Ne3 22. Qd2 Nxf1 23. Qxh6 e6 24. Rxf1 Qg7 25. Qh4 Bxe4 26. Bxe4 Rxf1+ 27. Kxf1 Rf8+ 28. Kg2 Qb2+ 29. Kh1 Qc1+ 30. Ng1 Qxc4 31. Qg4 Rf6 32. Nf3 exd5 33. Qc8+ Kg7 34. Qxb7+ Rf7 35. Qxf7+ Kxf7 36. Ne5+ Ke6 37. Nxc4 dxe4 38. Kg2 Kd5 39. Na5 Nb4 40. a3 Nc2 41. h4 c4 42. g4 c3 43. h5 gxh5 44. gxh5 Ne3+ 45. Kf2 c2 46. Nb3 Kc4 47. Nc1 Ng4+ 48. Kg3 Nf6 49. h6 Kc3 50. Kf4 Kb2 51. Ne2 c1=Q+ 52. Nxc1 Kxc1 53. a4 a5 54. Kf5 e3 55. Kxf6 e2 56. h7 e1=Q 57. Kg7 Qc3+ 0-1

[Event "1st Cyprus Chess Tournament 2019"]
[Site "Larnaca"]
[Date "2019.10.29"]
[Round "6.7"]
[White "Arkell, Keith C"]
[Black "Gerasimenyuk, Mikhail"]
[Result "1-0"]
[ECO "A37"]
[WhiteElo "2447"]
[BlackElo "2113"]
[Annotator "ChessBase"]
[PlyCount "77"]
[EventDate "2019.10.25"]
[EventType "swiss"]
[EventCountry "CYP"]
[SourceTitle "playchess.com"]
[Source "ChessBase"]
[SourceQuality "1"]
[TimeControl "5400+30"]

1. c4 c5 2. Nc3 Nc6 3. g3 g6 4. Bg2 Bg7 5. Nf3 d6 6. O-O Nh6 7. Rb1 Nf5 8. a3 a5 9. b3 h5 10. h3 Nfd4 11. Nxd4 cxd4 12. Nb5 Bf5 13. d3 Qd7 14. h4 O-O 15. e4 dxe3 16. fxe3 Ne5 17. e4 Bg4 18. Qc2 Bh3 19. d4 Bxg2 20. Kxg2 Ng4 21. Bd2 e5 22. Qd3 Qc6 23. Rbe1 f5 24. d5 Qd7 25. Bg5 Rf7 26. c5 fxe4 27. Qc4 Raf8 28. Nxd6 Rf2+ 29. Kg1 R8f3 30. Nxe4 Qf5 31. d6+ Kh7 32. Rxf2 Rxf2 33. Qd3 Rf3 34. Qe2 Rxb3 35. Rf1 Qe6 36. Qd1 Rb2 37. Bc1 Qa2 38. Bxb2 Qxb2 39. Qd2 1-0

[Event "1st Cyprus Chess Tournament 2019"]
[Site "Larnaca"]
[Date "2019.10.29"]
[Round "6.8"]
[White "Constantinou, Pavlos"]
[Black "Kayumov, Dmitry D"]
[Result "1-0"]
[ECO "A46"]
[WhiteElo "2093"]
[BlackElo "2402"]
[Annotator "ChessBase"]
[PlyCount "117"]
[EventDate "2019.10.25"]
[EventType "swiss"]
[EventCountry "CYP"]
[SourceTitle "playchess.com"]
[Source "ChessBase"]
[SourceQuality "1"]
[TimeControl "5400+30"]

1. d4 Nf6 2. Nf3 e6 3. g3 b5 4. Bg2 Bb7 5. O-O a6 6. a4 b4 7. c3 c5 8. Bf4 cxd4 9. cxd4 Be7 10. Nbd2 d5 11. Ne5 Nc6 12. Nb3 Nxe5 13. Bxe5 Rc8 14. Rc1 Bc6 15. Nc5 a5 16. Qd3 O-O 17. Qa6 Bxc5 18. Rxc5 Bxa4 19. Bxf6 gxf6 20. Rxc8 Qxc8 21. Qxa5 Bc2 22. Qxb4 Qb8 23. Qd2 Bg6 24. h4 h5 25. Bf3 Kg7 26. Rc1 Qb6 27. Rc3 Rb8 28. b3 Qa5 29. Qb2 Qb4 30. e3 Ra8 31. Rc1 Rb8 32. Bd1 Qe1+ 33. Kh2 Qb4 34. Qc3 Qb5 35. Kg1 Ra8 36. Bc2 Rb8 37. Bxg6 Kxg6 38. Rb1 Qb4 39. Qxb4 Rxb4 40. Kf1 e5 41. Ke2 exd4 42. exd4 Rxd4 43. b4 Kf5 44. f3 Ke5 45. b5 Ra4 46. b6 Ra2+ 47. Kd3 Ra3+ 48. Kc2 Ra8 49. b7 Rb8 50. Kd3 f5 51. Rb6 f4 52. gxf4+ Kxf4 53. Rf6+ Kg3 54. Rxf7 Kxh4 55. Rg7 Kh3 56. f4 h4 57. f5 Kh2 58. f6 h3 59. f7 1-0

[Event "1st Cyprus Chess Tournament 2019"]
[Site "Larnaca"]
[Date "2019.10.29"]
[Round "6.9"]
[White "Ivanov, Mikhail M"]
[Black "Dermatopoulos, Konstantinos"]
[Result "1-0"]
[ECO "E04"]
[WhiteElo "2342"]
[BlackElo "1992"]
[Annotator "ChessBase"]
[PlyCount "55"]
[EventDate "2019.10.25"]
[EventType "swiss"]
[EventCountry "CYP"]
[SourceTitle "playchess.com"]
[Source "ChessBase"]
[SourceQuality "1"]
[TimeControl "5400+30"]

1. d4 d5 2. c4 e6 3. Nf3 Nf6 4. g3 Bb4+ 5. Nbd2 dxc4 6. Bg2 O-O 7. O-O b5 8. a4 c6 9. Qc2 Bb7 10. b3 c3 11. Nb1 bxa4 12. Rxa4 a5 13. Nxc3 Qb6 14. Ra1 Nbd7 15. Na4 Qb5 16. Bb2 c5 17. dxc5 Be4 18. Nd4 Bxc2 19. Nxb5 Rab8 20. Nd4 Be4 21. c6 Bxg2 22. Kxg2 Nc5 23. Nxc5 Bxc5 24. Rxa5 Bxd4 25. Bxd4 Rxb3 26. c7 Rb7 27. Be5 Rc8 28. Rfa1 1-0

[Event "1st Cyprus Chess Tournament 2019"]
[Site "Larnaca"]
[Date "2019.10.29"]
[Round "6.10"]
[White "Demirciler, Erhan"]
[Black "Cherkasov, Nikolai"]
[Result "1/2-1/2"]
[ECO "A68"]
[WhiteElo "1740"]
[BlackElo "2338"]
[Annotator "ChessBase"]
[PlyCount "96"]
[EventDate "2019.10.25"]
[EventType "swiss"]
[EventCountry "CYP"]
[SourceTitle "playchess.com"]
[Source "ChessBase"]
[SourceQuality "1"]
[TimeControl "5400+30"]

1. d4 Nf6 2. c4 g6 3. Nc3 Bg7 4. e4 d6 5. f4 O-O 6. Nf3 c5 7. d5 e6 8. Bd3 exd5 9. cxd5 Re8 10. O-O Nbd7 11. h3 c4 12. Bxc4 Nxe4 13. Nxe4 Rxe4 14. Bd3 Re8 15. f5 Ne5 16. fxg6 hxg6 17. Nxe5 Bxe5 18. Qf3 f5 19. g4 Rf8 20. Bh6 Qb6+ 21. Rf2 Rf6 22. Be3 Qb4 23. gxf5 Bxf5 24. Bxf5 Rxf5 25. Qg2 Kh7 26. Rc1 Kh8 27. Qg4 Qxg4+ 28. hxg4 Rxf2 29. Kxf2 Bxb2 30. Rb1 Be5 31. Rxb7 a5 32. a4 Rc8 33. Rb5 Bc3 34. Rb6 Bb4 35. Rc6 Re8 36. Bd4+ Kg8 37. Kf3 Rf8+ 38. Ke4 Rf1 39. Rc8+ Kf7 40. Rc7+ Ke8 41. Rg7 Re1+ 42. Kd3 Rd1+ 43. Kc4 Rc1+ 44. Kb5 Rd1 45. Kc4 Rc1+ 46. Kb5 Rd1 47. Kc4 Rc1+ 48. Kb5 Rd1 1/2-1/2

[Event "1st Cyprus Chess Tournament 2019"]
[Site "Larnaca"]
[Date "2019.10.29"]
[Round "6.11"]
[White "Terentiev, Sergei"]
[Black "Blaivas, Lev"]
[Result "1/2-1/2"]
[ECO "A12"]
[WhiteElo "2285"]
[BlackElo "1740"]
[Annotator "ChessBase"]
[PlyCount "47"]
[EventDate "2019.10.25"]
[EventType "swiss"]
[EventCountry "CYP"]
[SourceTitle "playchess.com"]
[Source "ChessBase"]
[SourceQuality "1"]
[TimeControl "5400+30"]

1. c4 c6 2. Nf3 d5 3. e3 Nf6 4. b3 Bf5 5. Bb2 e6 6. Be2 Bd6 7. Ne5 Nbd7 8. f4 Ne4 9. O-O Nxe5 10. fxe5 Bc5 11. b4 Bxb4 12. cxd5 Qb6 13. dxc6 bxc6 14. Bd4 c5 15. Qa4+ Ke7 16. Bc3 Rhd8 17. Bf3 Rac8 18. Bxe4 Bxe4 19. a3 Bxc3 20. Nxc3 Bg6 21. Ne4 Rd5 22. Nd6 Rd8 23. Qf4 Qb2 24. Qxf7+ 1/2-1/2

[Event "1st Cyprus Chess Tournament 2019"]
[Site "Larnaca"]
[Date "2019.10.29"]
[Round "6.12"]
[White "Biljanic, Ljubomir"]
[Black "Kourouyiannis, Fivos"]
[Result "1-0"]
[ECO "E94"]
[WhiteElo "2241"]
[BlackElo "1708"]
[Annotator "ChessBase"]
[PlyCount "83"]
[EventDate "2019.10.25"]
[EventType "swiss"]
[EventCountry "CYP"]
[SourceTitle "playchess.com"]
[Source "ChessBase"]
[SourceQuality "1"]
[TimeControl "5400+30"]

1. d4 Nf6 2. Nf3 g6 3. c4 Bg7 4. Nc3 O-O 5. e4 d6 6. Be2 e5 7. d5 a5 8. O-O Na6 9. Ne1 Nc5 10. Bg5 h6 11. Bxf6 Qxf6 12. Bg4 Bxg4 13. Qxg4 Qf4 14. Qe2 f5 15. Nd3 Nxd3 16. Qxd3 fxe4 17. Nxe4 Qf5 18. Rae1 b6 19. b3 Qd7 20. a3 Kh7 21. Re3 Rf4 22. Rh3 Qf5 23. Re3 Rf8 24. b4 axb4 25. axb4 Rf7 26. g3 Rf3 27. c5 bxc5 28. bxc5 dxc5 29. Kg2 Rxe3 30. fxe3 Qxf1+ 31. Qxf1 Rxf1 32. Kxf1 Bf8 33. Nf6+ Kh8 34. Ke2 Bd6 35. Kd3 Kg7 36. Ne4 Kf7 37. Kc4 Ke7 38. Kb5 Kd8 39. Nxc5 Bxc5 40. Kxc5 Kd7 41. e4 g5 42. g4 1-0

[Event "1st Cyprus Chess Tournament 2019"]
[Site "Larnaca"]
[Date "2019.10.31"]
[Round "7.2"]
[White "Ulybin, Mikhail"]
[Black "Gleizerov, Evgeny"]
[Result "1/2-1/2"]
[ECO "E91"]
[WhiteElo "2455"]
[BlackElo "2512"]
[Annotator "ChessBase"]
[PlyCount "27"]
[EventDate "2019.10.25"]
[EventType "swiss"]
[EventCountry "CYP"]
[SourceTitle "playchess.com"]
[Source "ChessBase"]
[SourceQuality "1"]
[TimeControl "5400+30"]

1. c4 Nf6 2. Nc3 g6 3. e4 d6 4. d4 Bg7 5. Nf3 O-O 6. Be2 Bg4 7. Be3 Nfd7 8. Qb3 Nc6 9. Qxb7 Nb6 10. Qxc6 Bd7 11. Qb7 Bc8 12. Qc6 Bd7 13. Qb7 Bc8 14. Qc6 1/2-1/2

[Event "1st Cyprus Chess Tournament 2019"]
[Site "Larnaca"]
[Date "2019.11.01"]
[Round "8.1"]
[White "Kazakouski, Valery"]
[Black "Sumets, Andrey"]
[Result "1/2-1/2"]
[ECO "E11"]
[WhiteElo "2474"]
[BlackElo "2570"]
[Annotator "RC"]
[PlyCount "34"]
[EventDate "2019.10.25"]
[EventType "swiss"]
[EventCountry "CYP"]
[SourceTitle "playchess.com"]
[Source "ChessBase"]
[SourceQuality "1"]
[TimeControl "5400+30"]

1. d4 Nf6 2. Nf3 d5 3. c4 e6 4. g3 Bb4+ 5. Bd2 Be7 6. Bg2 O-O 7. O-O c6 8. Qc2 Nbd7 9. a4 Ne4 10. a5 a6 11. Nc3 Nxd2 12. Nxd2 f5 13. Rfb1 Nf6 14. b4 Bd6 15. Na4 Bc7 16. e3 Ne4 17. f4 Nd6 1/2-1/2

[Event "1st Cyprus Chess Tournament 2019"]
[Site "Larnaca"]
[Date "2019.11.01"]
[Round "8.9"]
[White "Cherkasova, Marina"]
[Black "Florentiades, Michalis"]
[Result "1/2-1/2"]
[ECO "C42"]
[WhiteElo "2094"]
[BlackElo "2019"]
[Annotator "NA RC"]
[PlyCount "64"]
[EventDate "2019.10.25"]
[EventType "swiss"]
[EventCountry "CYP"]
[SourceTitle "playchess.com"]
[Source "ChessBase"]
[SourceQuality "1"]
[TimeControl "5400+30"]

1. e4 e5 2. Nf3 Nf6 3. Nxe5 d6 4. Nf3 Nxe4 5. d4 d5 6. h3 Bd6 7. Bd3 O-O 8. O-O Bf5 9. c4 c6 10. Qc2 Na6 11. a3 Bg6 12. c5 Bb8 13. Nbd2 f5 14. Bxa6 bxa6 15. Qa4 Qc8 16. Re1 Bh5 17. b4 g5 18. Ne5 Bxe5 19. dxe5 g4 20. hxg4 fxg4 21. Nxe4 dxe4 22. Bh6 Rf5 23. Qb3+ Bf7 24. Qg3 Rh5 25. Qf4 Qe6 26. Bg5 Qg6 27. Bf6 Bd5 28. Re3 Rf5 29. Qg3 Kf7 30. Rae1 Rh5 31. Qf4 Rf5 32. Qg3 Rh5 1/2-1/2

[Event "1st Cyprus Chess Tournament 2019"]
[Site "Larnaca"]
[Date "2019.11.01"]
[Round "8.10"]
[White "Yeshchenko, Uliana"]
[Black "Constantinou, Pavlos"]
[Result "0-1"]
[ECO "B26"]
[WhiteElo "1650"]
[BlackElo "2093"]
[Annotator "NA RC"]
[PlyCount "114"]
[EventDate "2019.10.25"]
[EventType "swiss"]
[EventCountry "CYP"]
[SourceTitle "playchess.com"]
[Source "ChessBase"]
[SourceQuality "1"]
[TimeControl "5400+30"]

1. e4 c5 2. Nc3 Nc6 3. g3 g6 4. Bg2 Bg7 5. d3 d6 6. Be3 Nf6 7. h3 Rb8 8. Nge2 O-O 9. O-O b5 10. a3 a5 11. d4 cxd4 12. Nxd4 Nxd4 13. Bxd4 Qc7 14. Re1 e5 15. Be3 Be6 16. Bg5 Qc5 17. Qd2 Rfc8 18. Bxf6 Bxf6 19. Rec1 h5 20. Kh1 Kh7 21. Nd1 Bg7 22. Qxa5 Bh6 23. Ne3 Bxe3 24. fxe3 Qxe3 25. Kh2 h4 26. gxh4 Qf4+ 27. Kg1 Qxh4 28. Qa7 Kg7 29. Qf2 Rh8 30. Rd1 Bxh3 31. Rxd6 Bxg2 32. Qxh4 Rxh4 33. Kxg2 Rxe4 34. Kf3 Rf4+ 35. Ke3 Rh8 36. Rd5 Rh3+ 37. Ke2 Rh2+ 38. Kd3 Rff2 39. Rxb5 Rd2+ 40. Kc4 Rxc2+ 41. Kd5 Rcd2+ 42. Kc6 e4 43. Re1 Rc2+ 44. Kd6 Rxb2 45. Rxb2 Rf2 46. Rc2 Rxc2 47. Rxe4 Ra2 48. a4 f5 49. Rb4 Kf6 50. Kd5 Kg5 51. Ke5 Re2+ 52. Kd4 f4 53. a5 Ra2 54. Rb5+ Kg4 55. Ke4 f3 56. Rb1 f2 57. Ke3 Kg3 0-1

[Event "1st Cyprus Chess Tournament 2019"]
[Site "Larnaca"]
[Date "2019.11.02"]
[Round "9.1"]
[White "Kotronias, Vasilios"]
[Black "Kazakouski, Valery"]
[Result "1-0"]
[ECO "C95"]
[WhiteElo "2486"]
[BlackElo "2474"]
[Annotator "ChessBase"]
[PlyCount "77"]
[EventDate "2019.10.25"]
[EventType "swiss"]
[EventCountry "CYP"]
[SourceTitle "playchess.com"]
[Source "ChessBase"]
[SourceQuality "1"]
[TimeControl "5400+30"]

1. e4 e5 2. Nf3 Nc6 3. Bb5 a6 4. Ba4 Nf6 5. O-O Be7 6. Re1 b5 7. Bb3 O-O 8. c3 d6 9. h3 Nb8 10. d4 Nbd7 11. Nbd2 Bb7 12. Bc2 Re8 13. Nf1 Bf8 14. Ng3 g6 15. a4 c5 16. d5 c4 17. Bg5 Nc5 18. Qd2 Be7 19. Bh6 Nfd7 20. Nh2 Nxa4 21. Bxa4 bxa4 22. Rxa4 a5 23. Ng4 Ba6 24. f4 Bh4 25. Bg5 Bxg5 26. fxg5 h5 27. Nh6+ Kh7 28. Rf1 Rf8 29. Nxh5 gxh5 30. Rf3 Kg6 31. Nf5 Qb6+ 32. Kh2 Rh8 33. Ra1 h4 34. Raf1 Raf8 35. Ne7+ Kg7 36. Rf6 Qd8 37. Nf5+ Kg8 38. Rxd6 Bc8 39. g6 1-0

[Event "1st Cyprus Chess Tournament 2019"]
[Site "Larnaca"]
[Date "2019.11.02"]
[Round "9.2"]
[White "Tilicheev, Viacheslav"]
[Black "Arkell, Keith C"]
[Result "1/2-1/2"]
[ECO "D14"]
[WhiteElo "2478"]
[BlackElo "2447"]
[Annotator "ChessBase"]
[PlyCount "23"]
[EventDate "2019.10.25"]
[EventType "swiss"]
[EventCountry "CYP"]
[SourceTitle "playchess.com"]
[Source "ChessBase"]
[SourceQuality "1"]
[TimeControl "5400+30"]

1. d4 d5 2. c4 c6 3. cxd5 cxd5 4. Nf3 Nf6 5. Nc3 Nc6 6. Bf4 Bf5 7. e3 e6 8. Bd3 Bxd3 9. Qxd3 Bd6 10. Bxd6 Qxd6 11. O-O O-O 12. Rfc1 1/2-1/2

[Event "1st Cyprus Chess Tournament 2019"]
[Site "Larnaca"]
[Date "2019.11.02"]
[Round "9.3"]
[White "Sumets, Andrey"]
[Black "Biljanic, Ljubomir"]
[Result "1-0"]
[ECO "E05"]
[WhiteElo "2570"]
[BlackElo "2241"]
[Annotator "ChessBase"]
[PlyCount "99"]
[EventDate "2019.10.25"]
[EventType "swiss"]
[EventCountry "CYP"]
[SourceTitle "playchess.com"]
[Source "ChessBase"]
[SourceQuality "1"]
[TimeControl "5400+30"]

1. d4 Nf6 2. Nf3 e6 3. c4 d5 4. g3 Be7 5. Bg2 O-O 6. O-O dxc4 7. Qc2 Nc6 8. Qxc4 Qd5 9. Nbd2 Rd8 10. e3 Qh5 11. h3 Bd7 12. a3 a5 13. b3 Rac8 14. Bb2 Nd5 15. Rfc1 Qh6 16. Ne4 b6 17. Qe2 f6 18. Ned2 f5 19. Rc2 Bf6 20. Rac1 Nce7 21. Nc4 Nc6 22. e4 fxe4 23. Qxe4 Qg6 24. Qxg6 hxg6 25. h4 Be8 26. Bh3 Kf7 27. Ncd2 Nce7 28. Ne4 Nf5 29. Re1 Ke7 30. Rce2 Bf7 31. Neg5 Bxg5 32. Nxg5 Rd6 33. h5 Bg8 34. hxg6 Rf8 35. Re5 Kd7 36. Nh7 Bxh7 37. gxh7 g6 38. Bxf5 gxf5 39. Kg2 Rh8 40. Rh1 Ke7 41. Rh6 b5 42. Bc1 Kf7 43. Bg5 c6 44. Kf3 Nb6 45. Rf6+ Kg7 46. Rfxe6 Rxe6 47. Rxe6 Kxh7 48. Rxc6 Rb8 49. Bf4 Rb7 50. Rc5 1-0

[Event "1st Cyprus Chess Tournament 2019"]
[Site "Larnaca"]
[Date "2019.11.02"]
[Round "9.5"]
[White "Ulybin, Mikhail"]
[Black "Constantinou, Pavlos"]
[Result "1-0"]
[ECO "B27"]
[WhiteElo "2455"]
[BlackElo "2093"]
[Annotator "ChessBase"]
[PlyCount "83"]
[EventDate "2019.10.25"]
[EventType "swiss"]
[EventCountry "CYP"]
[SourceTitle "playchess.com"]
[Source "ChessBase"]
[SourceQuality "1"]
[TimeControl "5400+30"]

1. e4 c5 2. Nf3 g6 3. Bc4 Bg7 4. c3 e6 5. d4 cxd4 6. cxd4 d5 7. exd5 exd5 8. Bb5+ Nc6 9. Bxc6+ bxc6 10. O-O Ne7 11. h3 O-O 12. Nc3 Qd6 13. Re1 Be6 14. Na4 Rfe8 15. Bg5 h6 16. Bxe7 Rxe7 17. Qd2 Rae8 18. Nc5 Bf5 19. Rxe7 Rxe7 20. Re1 Be4 21. Nh2 Qf6 22. Nb3 h5 23. Nf1 Kh7 24. Ng3 Bh6 25. Qc3 Bf4 26. Nxe4 dxe4 27. Nc5 Qf5 28. Qc2 Qd5 29. Rxe4 Bd6 30. Rxe7 Bxe7 31. Qe4 Qg5 32. Nb3 c5 33. h4 Qf6 34. dxc5 Bd8 35. Nd4 Bc7 36. b4 Qa6 37. Qe7 Qxa2 38. Qxc7 Qa1+ 39. Kh2 Qxd4 40. Qxf7+ Kh6 41. g3 Qxb4 42. Qf4+ 1-0

[Event "1st Cyprus Chess Tournament 2019"]
[Site "Larnaca"]
[Date "2019.11.02"]
[Round "9.6"]
[White "Tsyn, Igor"]
[Black "Lornye, Pylyp"]
[Result "0-1"]
[ECO "A49"]
[WhiteElo "2129"]
[BlackElo "2284"]
[Annotator "NA RC"]
[PlyCount "96"]
[EventDate "2019.10.25"]
[EventType "swiss"]
[EventCountry "CYP"]
[SourceTitle "playchess.com"]
[Source "ChessBase"]
[SourceQuality "1"]
[TimeControl "5400+30"]

1. Nf3 Nf6 2. d4 g6 3. g3 Bg7 4. Bg2 O-O 5. O-O d6 6. Nbd2 Nbd7 7. c3 e5 8. dxe5 dxe5 9. Nc4 Qe7 10. b3 e4 11. Ba3 Nc5 12. Nfd2 Re8 13. Qc2 Bg4 14. Rfe1 Rad8 15. Ne3 Bc8 16. Rad1 b6 17. Ndc4 h5 18. Rd4 Qe6 19. Red1 Rd7 20. Bxc5 bxc5 21. Rxd7 Bxd7 22. Qc1 Qa6 23. Rd2 Bc6 24. Qd1 Kh7 25. a4 Qc8 26. Qc2 Bh6 27. Rd1 Ng4 28. Nd5 Qf5 29. f3 Bxd5 30. fxg4 hxg4 31. Nd2 Qe6 32. c4 Bc6 33. Nf1 e3 34. Bxc6 Qxc6 35. Rd5 Qf6 36. Qd1 Qf2+ 37. Kh1 Re6 38. Rxc5 Rf6 39. Rxc7 Qxf1+ 40. Qxf1 Rxf1+ 41. Kg2 Rf2+ 42. Kg1 Rxe2 43. Rxf7+ Kg8 44. Rxa7 Rb2 45. Kf1 e2+ 46. Ke1 Bg7 47. Ra8+ Kh7 48. Ra7 Kh6 0-1

[Event "1st Cyprus Chess Tournament 2019"]
[Site "Larnaca"]
[Date "2019.11.02"]
[Round "9.7"]
[White "Velickovski-Nejkovic, Maja"]
[Black "Kochergin, Sergey"]
[Result "1/2-1/2"]
[ECO "B14"]
[WhiteElo "2128"]
[BlackElo "2224"]
[Annotator "NA"]
[PlyCount "59"]
[EventDate "2019.10.25"]
[EventType "swiss"]
[EventCountry "CYP"]
[SourceTitle "playchess.com"]
[Source "ChessBase"]
[SourceQuality "1"]
[TimeControl "5400+30"]

1. c4 c6 2. e4 d5 3. exd5 cxd5 4. d4 Nf6 5. Nc3 g6 6. Nf3 Bg7 7. h3 O-O 8. Be3 b6 9. Rc1 Bb7 10. b3 dxc4 11. bxc4 Nc6 12. Be2 Rc8 13. O-O Na5 14. Nd2 Ba6 15. Nb5 Bxb5 16. cxb5 Qd7 17. Nb3 Rxc1 18. Qxc1 Rc8 19. Qb1 Nc4 20. Bxc4 Rxc4 21. Nd2 Rc8 22. Nf3 Nd5 23. Rc1 Rc7 24. Bd2 Qc8 25. Rxc7 Qxc7 26. Qb3 e6 27. a4 h6 28. Qd3 Kh7 29. h4 Kg8 30. g3 1/2-1/2